 Dungeon Crawl Stone Soup version 0.26-a0-812-g31a745ddcd (webtiles) character file.

Game seed: 7961573224795723757

12553 kae the Martial Artist (level 11, -5/76 HPs)
             Began as a Tengu Transmuter on Nov 23, 2020.
             Was a Priest of Wu Jian.
             Engulfed by a steam dragon's steam (10 damage)
             ... on level 11 of the Dungeon.
             The game lasted 00:12:11 (15552 turns).

kae the Martial Artist (Tengu Transmuter)          Turns: 15552, Time: 00:12:12

Health: -5/76      AC:  5    Str: 14    XL:     11   Next: 95%
Magic:  16/19      EV: 17    Int: 10    God:    Wu Jian [***...]
Gold:   644        SH:  0    Dex: 17    Spells: 7/20 levels left

rFire    . . .     SeeInvis .     - Unarmed
rCold    + + .     Faith    .   (shield currently unavailable)
rNeg     + . .     Spirit   .   (armour currently unavailable)
rPois    +         Reflect  .   (helmet currently unavailable)
rElec    .         Harm     .   (cloak currently unavailable)
rCorr    .         Rampage  .   (gloves currently unavailable)
MR       .....                  (boots unavailable)
Stlth    ++........             j - amulet of Tocog {rN+ Regen+ Int-4 Dex+3}
HPRegen  0.62/turn              s - ring of fire
MPRegen  0.16/turn              w - ring of wizardry

@: ice-form, flying quickly and evasively, quick
A: large, able to fly
a: Stop Flying, End Transformation, Wall Jump, Serpent's Lash, Renounce Religion


You were on level 11 of the Dungeon.
You worshipped Wu Jian.
Wu Jian was most pleased with you.
You were a creature of crystalline ice.
You visited 2 branches of the dungeon, and saw 12 of its levels.

You collected 644 gold pieces.

Inventory:

Armour
 h - the +1 leather armour "Peimpoch" (melded) {+Inv +Fly rC-}
   (You found it on level 6 of the Dungeon)

   It makes you vulnerable to cold.
   It lets you turn invisible.
   It lets you fly.
Jewellery
 j - the amulet of Tocog (around neck) {rN+ Regen+ Int-4 Dex+3}
   (You acquired it on level 9 of the Dungeon)

   [amulet of regeneration]

   It affects your intelligence (-4).
   It affects your dexterity (+3).
   It protects you from negative energy.
   It increases your rate of regeneration.
 p - an uncursed amulet of guardian spirit
 s - a ring of fire (left front paw)
 w - a ring of wizardry (right front paw)
 A - an uncursed ring of ice
Wands
 b - a wand of random effects (97)
 k - a wand of disintegration (5)
 q - a wand of enslavement (6)
 r - a wand of flame (8)
 y - a wand of acid (6)
Scrolls
 a - a scroll of enchant weapon
 c - a scroll of blinking
 d - 4 scrolls of teleportation
 e - 6 scrolls of identify
 f - 5 scrolls of immolation
 m - a scroll of holy word
 n - 3 scrolls of amnesia
 o - 3 scrolls of remove curse
 x - a scroll of fog
Potions
 g - a potion of magic
 i - 8 potions of curing
 l - 2 potions of lignification
 u - 5 potions of degeneration
 v - a potion of invisibility
 z - a potion of haste


   Skills:
 + Level 6.3 Fighting
 + Level 6.8 Armour
 + Level 7.3 Dodging
 * Level 10.5 Unarmed Combat
 - Level 5.0 Spellcasting
 * Level 7.9 Transmutations
 - Level 4.0 Ice Magic
 - Level 3.0 Poison Magic
 + Level 2.9 Evocations


You had 7 spell levels left.
You knew the following spells:

 Your Spells              Type           Power        Failure   Level
a - Beastly Appendage     Tmut           ###...       1%          1
b - Spider Form           Tmut/Pois      ##........   3%          3
c - Blade Hands           Tmut           ###.......   11%         5
d - Ice Form              Ice/Tmut       ##......     9%          4

Your spell library contained the following spells:

 Spells                   Type           Power        Failure   Level
 Wereblood                Tmut           ###.....     1%          2


Dungeon Overview and Level Annotations

Branches:
Dungeon (11/15)            Temple (1/1) D:6            Lair (0/6) D:9
    Orc (0/2) D:9

Altars:
Ashenzari
Cheibriados
Dithmenos
Elyvilon
Fedhas
Gozag
Hepliaklqana
Kikubaaqudgha
Makhleb
Nemelex Xobeh
Okawaru
Qazlal
Ru
Sif Muna
Trog
Uskayaw
Vehumet
Wu Jian
Xom
Yredelemnul
Zin
The Shining One

Shops:
D:10 :

Annotations:
D:4 1 runed translucent door, Crazy Yiuf
D:7 1 runed translucent door, zikan's ghost, novice GnFi
D:10 exclusion: ugly thing
D:11 Urug


Innate Abilities, Weirdness & Mutations

((You have a beak for a mouth.))
((You have claws for feet.))
You can fly continuously.


Message History

The centaur is severely wounded.
The centaur unwields a +0 shortbow.
The centaur hits you.
Urug throws a javelin.
The javelin pierces through you. The steam dragon barely misses you.
The steam dragon claws you but does no damage.
You barely miss the steam dragon. The centaur barely misses you.
You hit the centaur. You freeze the centaur.
The centaur is almost dead.
The centaur closely misses you.
Urug screams, "All you harpies will die!"
Urug throws a javelin.
The javelin closely misses you. The steam dragon breathes steam at you.
The ball of steam hits you!!
* * * LOW HITPOINT WARNING * * *
The centaur barely misses you.
As you read the scroll of fear, it crumbles to dust.
You assume a fearsome visage.
Urug looks frightened!
The centaur resists with some effort.
The steam dragon looks frightened!
You are engulfed in a cloud of scalding steam.
You die...

....... .........
#.......##
....§.§..#. ##
.....§§..... #..
..§........
####$.##§.........
......cY()........
.....§D)..........
.....#............
...# #.....<......
## ###.(<.......
##.#.)....#
#..#.#...##
.......o..#
##..#...####


You could see Urug (fleeing), a steam dragon (fleeing, catching breath) and a
centaur.

Vanquished Creatures
  Harold (D:10)
  5 two-headed ogres
  Pikel (D:4)
  A cyclops (D:9)
  Joseph (D:7)
  A hornet (D:8)
  7 yaks (D:9)
  2 wyverns
  A steam dragon (D:8)
  Edmund (D:6)
  Duvessa (D:7)
  A water moccasin (D:8)
  2 black bears
  3 orc warriors
  An ice beast (D:9)
  7 sky beasts
  2 hornet zombies
  8 ogres
  3 phantoms
  8 centaurs
  Blork the orc (D:4)
  7 bullfrogs
  A big kobold (D:10)
  Dowan (D:7)
  A water moccasin skeleton (D:9)
  7 killer bees
  5 wights
  4 howler monkeys
  2 jellies
  4 orc priests
  A centaur skeleton (D:6)
  8 hounds
  10 orc wizards
  2 bullfrog skeletons
  An iguana (D:5)
  Terence (D:2)
  Ijyb (D:2)
  6 worker ants
  A killer bee zombie (D:7)
  2 hound zombies
  A hound skeleton (D:5)
  9 adders
  A shadow imp (D:9)
  4 white imps
  2 ufetubi (D:8)
  3 adder skeletons
  A worm (D:2)
  3 dart slugs
  4 leopard geckos
  45 orcs
  5 bats
  12 giant cockroaches
  13 goblins
  12 hobgoblins
  3 jackals (D:2)
  7 kobolds
  3 quokkas
  7 frilled lizards
  A quokka skeleton (D:9)
  6 rats
265 creatures vanquished.

Vanquished Creatures (others)
  An orc (D:11)
1 creature vanquished.

Grand Total: 266 creatures vanquished

Notes
Turn   | Place    | Note
-------+----------+-------------------------------------------
     0 | D:1      | kae the Tengu Transmuter began the quest for the Orb.
     0 | D:1      | Reached XP level 1. HP: 12/12 MP: 4/4
   484 | D:1      | Reached XP level 2. HP: 16/16 MP: 4/6
   829 | D:1      | Reached XP level 3. HP: 14/20 MP: 4/7
   939 | D:1      | Learned a level 3 spell: Spider Form
  1478 | D:2      | Noticed Ijyb
  1501 | D:2      | Killed Ijyb
  1501 | D:2      | Reached skill level 1 in Armour
  1501 | D:2      | Reached XP level 4. HP: 4/25 MP: 5/8
  2183 | D:2      | Noticed Terence
  2197 | D:2      | Killed Terence
  2197 | D:2      | Reached skill level 4 in Unarmed Combat
  2197 | D:2      | Reached skill level 1 in Poison Magic
  2610 | D:2      | You fall into a shaft and drop 2 floors!
  2647 | D:4      | Gained mutation: You can fly continuously. [Tengu growth]
  2647 | D:4      | Reached XP level 5. HP: 25/30 MP: 2/9
  2743 | D:4      | Found a runed translucent door.
  2744 | D:4      | Noticed Crazy Yiuf
  3188 | D:4      | Reached XP level 6. HP: 35/35 MP: 6/10
  3328 | D:4      | Noticed Pikel
  3344 | D:4      | Killed Pikel
  3344 | D:4      | Reached skill level 5 in Unarmed Combat
  3344 | D:4      | Reached XP level 7. HP: 15/40 MP: 5/12
  3889 | D:4      | Noticed Blork the orc
  3904 | D:4      | Killed Blork the orc
  5165 | D:3      | Reached XP level 8. HP: 45/45 MP: 11/13
  6037 | D:5      | Entered Level 5 of the Dungeon
  6547 | D:5      | Reached skill level 6 in Unarmed Combat
  6800 | D:5      | Found a white marble altar of Elyvilon.
  6800 | D:5      | Found a sacrificial altar of Ru.
  6824 | D:5      | Found a shimmering blue altar of Sif Muna.
  6824 | D:5      | Found a basalt altar of Yredelemnul.
  7250 | D:6      | Found a staircase to the Ecumenical Temple.
  7269 | Temple   | Entered the Ecumenical Temple
  7422 | Temple   | Became a worshipper of the Wu Jian Council
  7669 | D:6      | Found a glowing golden altar of the Shining One.
  7678 | D:6      | Reached XP level 9. HP: 43/52 MP: 10/15
  8038 | D:6      | Noticed Edmund
  8051 | D:6      | Killed Edmund
  8051 | D:6      | Reached skill level 7 in Unarmed Combat
  8051 | D:6      | Reached skill level 5 in Transmutations
  8312 | D:6      | Got a masterwork leather armour
  8323 | D:6      | Identified the cursed +1 leather armour "Peimpoch" {+Inv
                  | +Fly rC-} (You found it on level 6 of the Dungeon)
  8882 | D:7      | Noticed Duvessa
  8882 | D:7      | Noticed Dowan
  8913 | D:7      | Killed Duvessa
  8913 | D:7      | Reached skill level 5 in Dodging
  8919 | D:7      | Killed Dowan
  9130 | D:7      | Found a runed translucent door.
  9131 | D:7      | Found a shimmering altar of Xom.
  9131 | D:7      | Noticed zikan's ghost (novice GnFi)
  9132 | D:7      | Noticed a +2 rapier of chaos
  9143 | D:7      | Noticed Joseph
  9168 | D:7      | Killed Joseph
  9396 | D:7      | Reached * piety under Wu Jian
  9439 | D:7      | Reached skill level 8 in Unarmed Combat
  9715 | D:8      | HP: 2/52 [poisoned by miscasting Spider Form]
 10017 | D:8      | Reached XP level 10. HP: 52/58 MP: 13/17
 10297 | D:8      | Learned a level 5 spell: Blade Hands
 10302 | D:8      | Learned a level 4 spell: Ice Form
 10308 | D:8      | Noticed a two-headed ogre
 10331 | D:8      | Killed a two-headed ogre
 10331 | D:8      | Reached skill level 5 in Armour
 10331 | D:8      | Reached skill level 1 in Ice Magic
 10796 | D:8      | Reached skill level 5 in Fighting
 10907 | D:8      | Reached skill level 5 in Spellcasting
 10921 | D:8      | Reached ** piety under Wu Jian
 11204 | D:8      | Reached skill level 9 in Unarmed Combat
 11601 | D:9      | Found a stormy altar of Qazlal.
 11629 | D:9      | Found a staircase to the Orcish Mines.
 11869 | D:9      | Noticed a two-headed ogre
 12025 | D:9      | Killed a two-headed ogre
 12025 | D:9      | Reached XP level 11. HP: 43/64 MP: 9/19
 12194 | D:9      | Noticed a two-headed ogre
 12202 | D:9      | Killed a two-headed ogre
 12202 | D:9      | Reached skill level 1 in Evocations
 12363 | D:9      | Noticed a two-headed ogre
 12391 | D:9      | Killed a two-headed ogre
 12685 | D:9      | Found a staircase to the Lair.
 12799 | D:9      | Noticed a cyclops
 12809 | D:9      | Killed a cyclops
 13622 | D:9      | Reached *** piety under Wu Jian
 13625 | D:9      | Reached skill level 10 in Unarmed Combat
 14663 | D:9      | Identified a scroll of acquirement
 14663 | D:9      | Acquired the amulet of Tocog {rN+ Regen+ Int-4 Dex+3}
 14687 | D:10     | Entered Level 10 of the Dungeon
 14814 | D:10     | Found Tanyhik's Book Shoppe.
 15186 | D:10     | Noticed Harold
 15197 | D:10     | Killed Harold
 15299 | D:10     | Noticed a white ugly thing
 15331 | D:10     | Noticed a two-headed ogre
 15338 | D:10     | Killed a two-headed ogre
 15545 | D:11     | Noticed Urug
 15552 | D:11     | Engulfed by a steam dragon's steam

Illustrated notes

Levels and vault maps discovered:
D:1:      nicolae_arrival_memento_mori, layout_basic, minmay_worlds_worst_comb
D:2:      kennysheep_the_goblin_king, layout_loops_ring, uniq_terence
D:3:      layout_loops_corners
D:4:      layout_basic, wad_floor_pattern_2, uniq_blork_the_orc,
          uniq_crazy_yiuf_cottage, uniq_pikel
D:5:      layout_basic, chequers_temple_overflow_statue_of_worship
D:6:      layout_loops_ring, minmay_temple_entry_glassed_door, basic_altar,
          hangedman_decor_clover_reticule, chequers_serial_rivers_small_b,
          uniq_edmund
D:7:      layout_rooms, ebering_ghost_xom, uniq_duvessa, uniq_joseph
D:8:      layout_cave_pods
D:9:      minmay_imperfect_grid, layout_basic, basic_altar, billiards_dpeg
D:10:     layout_stronghold, serial_shops, shop, blue_anna_alchemist
          [blue_anna_fruit_fields, blue_anna_fruit_fields], uniq_harold
D:11:     minmay_smoke_and_mirrors, layout_cave_pools, laboratory, uniq_urug
Temple:   compressed_dpeg_circular_temple

Skill      XL: |  1  2  3  4  5  6  7  8  9 10 11 |
---------------+----------------------------------+-----
Transmutations | 2 3 4 5 6 7 |  7.9
Armour         | 1 2 3 4 5 6 |  6.8
Unarmed Combat | 4 5 6 8 9 10 | 10.5
Poison Magic   | 1 2 3 |  3.0
Fighting       | 2 3 4 5 6 |  6.3
Dodging        | 3 4 5 6 7 |  7.3
Spellcasting   | 3 4 5 |  5.0
Ice Magic      | 3 4 |  4.0
Evocations     | 2 |  2.9

Action                   |  1- 3 |  4- 6 |  7- 9 | 10-12 || total
-------------------------+-------+-------+-------+-------++-------
Melee: Unarmed           |    87 |    92 |   361 |   378 ||   918
       Kick              |    14 |    13 |    27 |    24 ||    78
       Headbutt          |     8 |     5 |    11 |     5 ||    29
       Peck              |     9 |    11 |    17 |    23 ||    60
       Punch             |     2 |       |     2 |     6 ||    10
 Cast: Beastly Appendage |    17 |     9 |    26 |     7 ||    59
       Spider Form       |     1 |     5 |    38 |    22 ||    66
       Ice Form          |       |       |       |    14 ||    14
Invok: Lunge             |       |       |    11 |    18 ||    29
       Whirlwind         |       |       |     1 |     7 ||     8
 Abil: Fly               |       |     1 |       |       ||     1
Evoke: Wand              |       |       |       |    12 ||    12
  Use: Potion            |       |     4 |     2 |     3 ||     9
       Scroll            |       |       |    14 |     8 ||    22
 Stab: Invisible         |       |     2 |       |       ||     2
       Sleeping          |       |       |     2 |     3 ||     5
       Paralysed         |       |       |       |     4 ||     4
Armor: Robe              |     5 |     5 |     7 |       ||    17
       Skin              |       |       |     3 |    50 ||    53
       Leather armour    |       |       |     2 |    11 ||    13
Dodge: Dodged            |    53 |    58 |   300 |   300 ||   711

Table legend: (Time is in decaauts)
 A = Elapsed time spent in this place.
 B = Non-inter-level travel time spent in this place.
 C = Inter-level travel time spent in this place.
 D = Time resting spent in this place.
 E = Time spent auto-exploring this place.
 F = Levels seen in this place.
 G = Mean time per level.
                   A        B        C        D        E       F      G
               +--------+--------+--------+--------+--------+-----+--------+
         Total |  14892 |  14543 |    349 |   1170 |  11337 |  12 | 1241.0 |
       Dungeon |  14739 |  14398 |    341 |   1170 |  11205 |  11 | 1339.9 |
        Temple |    153 |    146 |      7 |      0 |    131 |   1 |  153.0 |
               +--------+--------+--------+--------+--------+-----+--------+

Top non-repeatable levels by time:
     D:9: 2430 daAuts
     D:8: 2365 daAuts
     D:4: 2132 daAuts
     D:2: 1442 daAuts
     D:1: 1382 daAuts
     D:7: 1226 daAuts
     D:6: 1168 daAuts
     D:3: 941 daAuts
     D:5: 853 daAuts
    D:10: 785 daAuts
  Temple: 153 daAuts
    D:11: 10 daAuts
